 Dungeon Crawl Stone Soup version 0.28-a0-1613-gdaab1c2f9b (webtiles) character file.

Game seed: 630227255998371573

22 murtidash the Chiller (level 2, -5/15 (20) HPs)
             Began as a Demigod Ice Elementalist on Jan 21, 2022.
             Slain by Sigmund (9 damage)
             ... on level 2 of the Dungeon.
             The game lasted 00:02:45 (1492 turns).

murtidash the Chiller (Demigod Ice Elementalist)    Turns: 1492, Time: 00:02:45

HP:   -5/15 (20)    AC:  4    Str:  9    XL:     2   Next: 51%
MP:   7/7           EV: 11    Int: 17    God:
Gold: 72            SH:  0    Dex: 14    Spells: 4/5 levels left

rFire   . . .      SeeInvis .   d - +0 short sword
rCold   . . .      Faith    .   (no shield)
rNeg    . . .      Spirit   .   c - +0 leather armour
rPois   .          Reflect  .   h - +0 helmet
rElec   .          Harm     .   j - scarf {+Inv}
rCorr   .          Rampage  .   (no gloves)
Will    .....                   (no boots)
Stlth   ++........              (no amulet)
HPRegen 0.05/turn               (no ring)
MPRegen 0.10/turn               (no ring)

@: on berserk cooldown, slowed, very heavily drained, very slow
A: high mp 1, forlorn, divine attributes
a: Evoke Invisibility


You were on level 2 of the Dungeon.
You visited 1 branch of the dungeon, and saw 2 of its levels.

You collected 72 gold pieces.

Inventory:

Hand Weapons
 d - a +0 short sword (weapon)
   (You took it off a kobold on level 1 of the Dungeon)
Armour
 a - a +0 robe
 c - a +0 leather armour (worn)
   (You found it on level 1 of the Dungeon)
 h - a +0 helmet (worn)
   (You found it on level 1 of the Dungeon)
 j - a scarf of invisibility (worn)
   (You found it on level 1 of the Dungeon)
Magical Staves
 i - a staff of poison {rPois}
   (You found it on level 1 of the Dungeon)
Scrolls
 g - a scroll of identify {unknown}
Potions
 b - 2 potions of flight {unknown}


   Skills:
 - Level 1.7 Dodging
 - Level 1.7 Stealth
 + Level 2.3 Spellcasting
 + Level 4.0 Ice Magic
 + Level 0.1 Evocations


You had 4 spell levels left.
You knew the following spells:

 Your Spells              Type           Power      Damage    Failure   Level
a - Freeze                Ice            60%        1d8       4%          1

Your spell library contained the following spells:

 Spells                   Type           Power      Damage    Failure   Level
 Frozen Ramparts          Ice            30%        1d5       16%         3
 Ozocubu's Armour         Ice            15%        N/A       16%         3
 Hailstorm                Conj/Ice       8%         3d4       75%         4


Dungeon Overview and Level Annotations

Branches:
Dungeon (2/15)

Shops:
D:2 :

Annotations:
D:2 Sigmund


Innate Abilities, Weirdness & Mutations

You have an increased reservoir of magic. (+10% MP)
You shall have no god before yourself.
Your divine heritage dramatically boosts your attributes as you level up.


Message History

You kill the quokka!
You now have 6/7 mp.
You can't see any susceptible monsters within range! (Use Z to cast anyway.)
You see here a quokka corpse.
Done exploring.
Health restored: 20; MP restored: 7 Done exploring.
You see here a quokka corpse.
There is an open door here.
There is a stone staircase leading down here.
You climb downwards.
There is a stone staircase leading up here.
A bat is nearby!
You can't see any susceptible monsters within range! (Use Z to cast anyway.)
The bat barely misses you.
You miss the bat. The bat barely misses you.
Aim: a bat You freeze the bat.
The bat barely misses you.
You now have 6/7 mp.
You can't see any susceptible monsters within range! (Use Z to cast anyway.)
You can't see any susceptible monsters within range! (Use Z to cast anyway.)
You can't see any susceptible monsters within range! (Use Z to cast anyway.)
You can't see any susceptible monsters within range! (Use Z to cast anyway.)
You can't see any susceptible monsters within range! (Use Z to cast anyway.)
You can't see any susceptible monsters within range! (Use Z to cast anyway.)
You can't see any susceptible monsters within range! (Use Z to cast anyway.)
The bat completely misses you.
Aim: a bat You freeze the bat.
You kill the bat!
You now have 5/7 mp.
Found Mischis Zaic's Book Shoppe.
MP restored: 7
Found a stone staircase leading down.
There is an entrance to Mischis Zaic's Book Shoppe here.
Unknown command.
There is a stone staircase leading down here.
A hobgoblin comes into view.
The hobgoblin hits you.
You take 1 damage, and have 19/20 hp.
Aim: a hobgoblin You freeze the hobgoblin.
The hobgoblin hits you.
You take 2 damage, and have 17/20 hp.
You now have 6/7 mp.
Aim: a hobgoblin (almost dead)
You freeze the hobgoblin.
You kill the hobgoblin!
You now have 5/7 mp.
You can't see any susceptible monsters within range! (Use Z to cast anyway.)
You can't see any susceptible monsters within range! (Use Z to cast anyway.) Sigmund the Dreaded comes into view.
He is wielding a +0 scythe.
Health restored: 20; MP restored: 7 You aren't carrying any items that you can evoke.
Okay, then.
Okay, then.
You feel drained.
You fail to use your ability.
You take 2 damage, and have 18/18 hp.
You start waiting.
Done waiting.
You feel drained.
You fail to use your ability.
You take 3 damage, and have 15/15 hp.
Unknown command.
Unknown command.
i - a staff of poison (weapon)
{rPois}
d - a +0 short sword (weapon)
Really walk into a travel-excluded area?
A frilled lizard comes into view.
Sigmund shouts!
Okay, then.
Unknown command.
It was a potion of berserk rage.
A red film seems to cover your vision as you go berserk!
You feel yourself moving faster!
You feel mighty!
The frilled lizard hisses angrily.
You now have 22/22 hp.
You feel a strong urge to attack something.
You feel your anger nearly subside.
You are no longer berserk.
You are exhausted.
You feel yourself slow down.
You now have 15/15 hp.
It was a potion of curing.
You feel better. Sigmund barely misses you.
You hit the frilled lizard.
Sigmund says, "You will soon forget everything."
Sigmund drinks a potion.
Sigmund's spells are empowered!
The frilled lizard barely misses you.
Sigmund hits you from afar with a +0 scythe!
Ouch! That really hurt!
The frilled lizard barely misses you.
You take 9 damage, and have 6/15 hp.
MASSIVE DAMAGE!!
Sigmund casts a spell.
Sigmund flickers and vanishes!
Deactivating autopickup; reactivate with Ctrl-A.
The frilled lizard bites you.
* * * LOW HITPOINT WARNING * * *
You take 2 damage, and have 4/15 hp.
There is a stone staircase leading down here.
The frilled lizard closely misses you. The frilled lizard misses you.
Something hits you!
Ouch! That really hurt!
You die...

#### #####.... ##...##
.......... #.....##
######.... .......###
##... .........### #.#.
......l....# ###########
#.#. l........#.#
#.......... #.#.
........##.###.####..## #
#...
#.....#.....>..l@....# .#
##.<
##....####.###.####..###.#
#.. ##.#.. ...#
#∩..........# #..
#.######## ###.####..###
#.. #. ....###..# #.. .
...#.......########.. .
.....#.....#...........
.... #.<..###..........
.... #.....#.........


You could see a frilled lizard.

Vanquished Creatures
  2 dart slugs (D:1)
  A ball python (D:1)
  2 endoplasms
  3 hobgoblins
  A kobold (D:1)
  2 quokkas (D:1)
  3 bats
  A goblin (D:1)
  2 rats (D:1)
17 creatures vanquished.

Notes
Turn   | Place    | Note
-------+----------+-------------------------------------------
     0 | D:1      | murtidash the Demigod Ice Elementalist began the quest for
                  | the Orb.
     0 | D:1      | Reached XP level 1. HP: 14/14 MP: 5/5
   182 | D:1      | Reached skill level 2 in Spellcasting
   472 | D:1      | Reached XP level 2. HP: 20/20 MP: 2/7
   859 | D:1      | Reached skill level 4 in Ice Magic
  1306 | D:2      | Found Mischis Zaic's Book Shoppe.
  1364 | D:2      | Noticed Sigmund
  1492 | D:2      | Slain by Sigmund

Illustrated notes

Levels and vault maps discovered:
D:1:      minmay_arrival_loop, layout_basic
D:2:      layout_loops_cross, serial_shops, shop, ebering_ecumenical_altar_hall,
          kennysheep_generic_room_4, uniq_sigmund

Skill      XL: |  1  2 |
---------------+-------+-----
Spellcasting   | 2 |  2.3
Ice Magic      | 4 |  4.0
Dodging        | |  1.7
Stealth        | |  1.7
Evocations     | |  0.1

Action                   || total
-------------------------++-------
Melee: Short sword       ||    38
 Cast: Freeze            ||    22
  Use: Potion            ||     2
Armor: Leather armour    ||    11
       Robe              ||     1
Dodge: Dodged            ||    36

Table legend: (Time is in decaauts)
 A = Elapsed time spent in this place.
 B = Non-inter-level travel time spent in this place.
 C = Inter-level travel time spent in this place.
 D = Time resting spent in this place.
 E = Time spent auto-exploring this place.
 F = Levels seen in this place.
 G = Mean time per level.
                   A        B        C        D        E       F      G
               +--------+--------+--------+--------+--------+-----+--------+
         Total |   1498 |   1402 |     96 |    100 |   1092 |   2 |  749.0 |
       Dungeon |   1498 |   1402 |     96 |    100 |   1092 |   2 |  749.0 |
               +--------+--------+--------+--------+--------+-----+--------+

Top non-repeatable levels by time:
     D:1: 1241 daAuts
     D:2: 256 daAuts

Table legend:
 A = Kills in this place as a percentage of kills in entire the game.
 B = Kills by you in this place as a percentage of kills by you in the entire game.
 C = Kills by friends in this place as a percentage of kills by friends in the entire game.
 D = Other kills in this place as a percentage of other kills in the entire game.
 E = Experience gained in this place as a percentage of experience gained in the entire game.
 F = Experience gained in this place divided by the number of levels of this place that you have seen.
                   A       B       C       D       E      F
               +-------+-------+-------+-------+-------+----------------------
         Total | 100.0 | 100.0 |   N/A |   N/A | 100.0 |  16.0
       Dungeon | 100.0 | 100.0 |   N/A |   N/A | 100.0 |  16.0
               +-------+-------+-------+-------+-------+----------------------
